 Dungeon Crawl Stone Soup version 0.30-a0-737-gf23d94013f (webtiles) character file.

Game seed: 2453808234718737418

21 sircluck the Trooper (level 2, -3/27 HPs)
             Began as a Hill Orc Fighter on Feb 1, 2023.
             Slain by a gnoll
             ... wielding a +0 halberd
              (9 damage)
             ... on level 2 of the Dungeon.
             The game lasted 00:01:47 (671 turns).

sircluck the Trooper (Hill Orc Fighter)              Turns: 671, Time: 00:01:48

Health: -3/27      AC:  7    Str: 18    XL:     2   Next: 83%
Magic:  2/2        EV:  9    Int:  8    God:
Gold:   52         SH:  4    Dex: 10    Spells: 1/1 levels left

rFire   . . .      SeeInvis .    a - +0 war axe
rCold   . . .      Faith    .    c - +0 buckler
rNeg    . . .      Spirit   .    b - +0 scale mail
rPois   .          Reflect  .    (no helmet)
rElec   .          Harm     .    (no cloak)
rCorr   .          Rampage  .    (no gloves)
Will    .....                    (no boots) Stlth
                                 (no amulet)
HPRegen 0.24/turn                (no ring)
MPRegen 0.08/turn                (no ring)

@: no status effects
A: no striking features
a: no special abilities


You were on level 2 of the Dungeon.
You visited 1 branch of the dungeon, and saw 2 of its levels.

You collected 52 gold pieces.

Inventory:

Hand Weapons
 a - a +0 war axe (weapon)
 h - a +1 short sword of draining
Missiles
 e - 16 stones (quivered)
 k - 6 atropa-tipped darts
Armour
 b - a +0 scale mail (worn)
 c - a +0 buckler (worn)
 j - a +0 pair of gloves
Scrolls
 f - a scroll of brand weapon {unknown}
 l - a scroll of silence {unknown}
 o - a scroll of noise {unknown}
Potions
 d - a potion of might
 g - 2 potions of magic {unknown}
 i - a potion of heal wounds {unknown}
 m - a potion of curing {unknown}
 n - 2 potions of brilliance {unknown}


   Skills:
 + Level 4.1 Fighting
 + Level 3.0 Axes
 + Level 3.7 Armour
 + Level 3.4 Shields


You had one spell level left.
You didn't know any spells.
Your spell library was empty.

Dungeon Overview and Level Annotations

Branches:
Dungeon (2/15)

Altars:
Uskayaw

Shops:
D:1 :


Message History

The gnoll is severely wounded.
You barely miss the quokka.
The quokka bites you but does no damage.
You hit the gnoll.
The gnoll is severely wounded.
You hit the quokka but do no damage. The quokka closely misses you.
You block the gnoll's attack. The quokka bites you.
The gnoll hits you from afar with a +0 halberd.
The gnoll hits you but does no damage.
You barely miss the gnoll.
The gnoll is severely wounded.
You hit the gnoll. You hit the quokka.
You kill the quokka!
The gnoll barely misses you. You block the gnoll's attack.
You hit the gnoll but do no damage.
The gnoll is severely wounded.
You closely miss the gnoll.
The gnoll hits you from afar with a +0 halberd.
The gnoll hits you with a +0 whip. The gnoll barely misses you.
You are too injured to fight recklessly!
You are too injured to fight recklessly!
You are too injured to fight recklessly!
You are too injured to fight recklessly!
You are too injured to fight recklessly!
You are too injured to fight recklessly!
You are too injured to fight recklessly!
You are too injured to fight recklessly!
You are too injured to fight recklessly!
You hit the gnoll but do no damage.
The gnoll is moderately wounded.
You closely miss the gnoll. The gnoll hits you but does no damage.
The gnoll completely misses you. The gnoll hits you but does no damage.
The gnoll hits you with a +0 whip.
* * * LOW HITPOINT WARNING * * *
The gnoll closely misses you. The gnoll barely misses you.
You hit the gnoll but do no damage.
The gnoll is severely wounded.
You hit the gnoll but do no damage.
The gnoll hits you from afar with a +0 halberd!
You die...

##### ####...# ###
#......# .... .
#......# ####..... ..
#.._...###........ ...
#.......>..#######..#
#.............$†....#.
#...........>.........
##......###...g@g......
#...#.#....#...........
#.......##?#...g.....#.
##.#.#..##(...!......#
#...#..####...........
##...<.####........###
#.).......#........##
#[........###.......##
#.........###.$#..#..#.


You could see 3 gnolls.

Vanquished Creatures
  A dart slug (D:1)
  A bat (D:2)
  3 giant cockroaches
  2 goblins (D:1)
  A hobgoblin (D:2)
  4 kobolds
  A quokka (D:2)
  A frilled lizard (D:1)
  A rat (D:2)
15 creatures vanquished.

Notes
Turn   | Place    | Note
-------+----------+-------------------------------------------
     0 | D:1      | sircluck the Hill Orc Fighter began the quest for the Orb.
     0 | D:1      | Reached XP level 1. HP: 19/19 MP: 1/1
   236 | D:1      | Found Woumaa's Vocational Training.
   343 | D:1      | Reached XP level 2. HP: 27/27 MP: 2/2
   601 | D:2      | Reached skill level 4 in Fighting
   629 | D:2      | Found a hide-covered altar of Uskayaw.
   671 | D:2      | Slain by a gnoll

Illustrated notes

Levels and vault maps discovered:
D:1:      erik_arrival_blinker_ship, layout_basic, nicolae_shop_vocational
D:2:      layout_rooms, basic_altar

Skill      XL: |  1  2 |
---------------+-------+-----
Fighting       | 4 |  4.1
Axes           | 3 |  3.0
Armour         | |  3.7
Shields        | |  3.4

Action                     || total
---------------------------++-------
  Melee: War axe           ||    42
 Armour: Scale mail        ||    23
  Dodge: Dodged            ||    25
  Block: Buckler           ||    17

Table legend: (Time is in decaauts)
 A = Elapsed time spent in this place.
 B = Non-inter-level travel time spent in this place.
 C = Inter-level travel time spent in this place.
 D = Time resting spent in this place.
 E = Time spent auto-exploring this place.
 F = Levels seen in this place.
 G = Mean time per level.
                   A        B        C        D        E       F      G
               +--------+--------+--------+--------+--------+-----+--------+
         Total |    686 |    676 |     10 |      0 |    193 |   2 |  343.0 |
       Dungeon |    686 |    676 |     10 |      0 |    193 |   2 |  343.0 |
               +--------+--------+--------+--------+--------+-----+--------+

Top non-repeatable levels by time:
     D:1: 591 daAuts
     D:2: 95 daAuts
